Map: Prion Terraces

Players

LilDicky

  • Race: Terran Terran
  • League: Diamond

DoctorClock - Winner!

  • Race: Terran Terran
  • League: Platinum

VOD

http://www.twitch.tv/tumescentpie

Description

Time

  • Played on: Dec. 2, 2015, 1:18 p.m.
  • Length: 16:49
Show
View Real Time Build Order
Export as new Build Order

LilDicky Terran 

Build Orders: Banshee Rush 

Get SALT Encoding   

  12  0:01  SCV  
  13  0:13  SCV  
  14  0:17  Supply Depot  
  14  0:25  SCV  
  15  0:28  Refinery  
  15  0:39  SCV  
  16  0:45  Barracks  
  16  0:51  SCV  
  17  1:03  SCV  
  18  1:13  Refinery  
  18  1:15  SCV  
  19  1:27  SCV  
  20  1:34  Reaper  
  20  1:39  Orbital Command  
  21  1:42  Supply Depot  
  21  2:01  Factory  
  21  2:09  Reaper  
  21  2:12  SCV  
  22  2:24  SCV  
  22  2:28  Supply Depot  
  23  2:40  SCV  
  24  2:45  Marine  
  24  2:47  Factory Tech Lab  
  24  2:48  Starport  
  25  2:52  SCV  
  26  3:02  Marine  
  27  3:16  SCV  
  28  3:20  Engineering Bay  
  28  3:25  Marine  
  29  3:33  SCV  
  30  3:36  Supply Depot, Cloaking Field, Banshee  
  33  3:44  Marine  
  33  3:45  SCV  
  33  3:47  Widow Mine  
  37  3:52  Missile Turret  
  37  3:57  SCV  
  37  4:02  Marine  
  41  4:19  Banshee  
  41  4:21  Factory Tech Lab  
  42  4:28  SCV  
  43  4:35  Command Center  
  44  4:39  Supply Depot  
  44  4:45  Siege Tank  
  46  4:46  Marine  
  47  5:01  SCV  
  48  5:17  Siege Tank  
  48  5:18  Marine  
  49  5:35  Marine  
  50  5:49  Siege Tank  
  50  6:19  Command Center  
  50  6:21  Siege Tank  
  50  6:25  Marine  
  54  6:32  Factory  
  54  6:36  SCV, Starport Reactor  
  54  6:37  Orbital Command  
  55  6:50  Refinery  
  55  6:53  Refinery, Siege Tank  
  58  6:54  Refinery  
  58  6:57  Refinery  
  55  7:25  Siege Tank  
  55  7:26  Viking x2  
  61  7:42  Marine  
  57  7:49  Orbital Command  
  57  7:55  SCV x2  
  59  7:59  Siege Tank, Marine  
  59  8:03  Factory Tech Lab  
  59  8:05  Factory  
  63  8:07  SCV  
  63  8:08  SCV  
  65  8:15  SCV  
  65  8:19  SCV  
  67  8:20  SCV  
  69  8:27  SCV  
  69  8:32  SCV, Siege Tank  
  73  8:34  Missile Turret  
  73  8:35  Missile Turret x2  
  73  8:37  Viking x2  
  73  8:38  SCV  
  78  8:44  Siege Tank, Missile Turret  
  78  8:47  Missile Turret  
  81  9:00  Factory Reactor  
  79  9:04  Siege Tank  
  79  9:08  SCV x3  
  85  9:10  Missile Turret  
  85  9:29  SCV x3, Siege Tank  
  91  9:32  Supply Depot x2  
  91  9:39  Supply Depot, Hellion x2  
  91  9:40  Hellion  
  91  9:41  SCV, Viking  
  100  9:48  Infernal Pre-Igniter  
  100  9:51  SCV  
  100  9:53  SCV  
  101  10:01  Hellion  
  101  10:02  SCV  
  101  10:03  SCV  
  101  10:05  SCV  
  96  10:28  Starport  
  88  10:39  Viking  
  88  10:40  Viking  
  88  10:42  Hellion, Siege Tank x2  
  102  10:43  Hellion  
  102  11:04  Hellion x2  
  104  11:11  Armory  
  102  11:14  SCV x3, Siege Tank  
  102  11:15  Starport Tech Lab  
  108  11:23  Command Center  
  108  11:26  SCV x3  
  108  11:30  Missile Turret  
  111  11:34  Siege Tank  
  111  11:38  SCV x3  
  117  11:40  Missile Turret  
  117  11:44  Hellion x2  
  117  11:46  Siege Tank, Sensor Tower  
  124  11:50  SCV  
  125  11:56  Banshee, Viking x2  
  125  11:57  Supply Depot  
  125  11:58  Supply Depot  
  132  12:02  SCV  
  133  12:12  Liberator x2  
  133  12:18  SCV  
  133  12:23  Supply Depot x2, Armory  
  133  12:24  Hellion x2, Siege Tank x2  
  146  12:35  Supply Depot  
  149  12:39  Planetary Fortress, Missile Turret  
  149  12:41  SCV x3  
  152  12:46  Hellion  
  150  12:53  SCV  
  150  12:56  Siege Tank x2  
  155  13:12  Hellion x2  
  137  13:28  Siege Tank  
  137  13:29  Siege Tank  
  137  13:34  Hellion x2  
  126  13:55  Starport  
  127  13:58  Starport  
  41  14:43  Command Center  
  41  14:53  Command Center, SCV  
  41  14:59  Engineering Bay  
  36  15:05  SCV  
  27  15:10  Starport Tech Lab x2  
  21  15:17  SCV  
  24  15:29  Banshee x2, SCV  
  31  15:41  SCV  
  27  15:54  Planetary Fortress  
  27  15:58  Refinery x2  
Show
View Real Time Build Order
Export as new Build Order

DoctorClock Terran - Winner!

Build Orders: Bio Tank, MMM Bio 

Get SALT Encoding   

  12  0:01  SCV  
  13  0:13  SCV  
  14  0:17  Supply Depot  
  14  0:25  SCV  
  15  0:39  SCV  
  15  0:42  Barracks  
  16  0:45  Refinery  
  16  0:51  SCV  
  17  1:03  SCV  
  18  1:15  SCV  
  19  1:28  SCV  
  19  1:29  Reaper  
  21  1:45  Supply Depot  
  21  1:47  Orbital Command  
  21  2:01  Reaper  
  22  2:14  SCV  
  23  2:16  Command Center  
  23  2:27  Engineering Bay  
  23  2:29  SCV, Factory  
  24  2:39  Marine  
  24  2:41  SCV  
  26  2:45  Refinery  
  26  2:49  Barracks  
  26  2:56  SCV  
  27  3:01  Barracks Reactor  
  27  3:18  Starport  
  27  3:20  SCV  
  27  3:23  Missile Turret  
  28  3:28  Hellion  
  28  3:29  Orbital Command  
  28  3:32  SCV  
  31  3:36  Barracks Tech Lab  
  31  3:40  Supply Depot  
  31  3:43  Marine  
  31  3:44  SCV  
  33  3:50  Widow Mine  
  35  3:56  SCV  
  36  4:04  Viking  
  36  4:05  Marine  
  36  4:06  Marine  
  36  4:08  SCV  
  41  4:17  Orbital Command  
  41  4:20  Factory Tech Lab  
  41  4:27  SCV  
  41  4:29  Stimpack  
  42  4:35  Refinery  
  42  4:36  Medivac  
  44  4:39  SCV, Marine x2  
  47  4:46  SCV  
  47  4:51  SCV  
  49  4:53  Marine  
  49  4:57  Marine  
  51  5:04  Marine  
  51  5:13  Marine  
  52  5:14  Marine  
  52  5:17  SCV  
  52  5:18  Supply Depot  
  52  5:20  Supply Depot, Missile Turret  
  54  5:25  SCV  
  54  5:31  Terran Infantry Weapons Level 1  
  54  5:34  Supply Depot  
  54  5:37  Marine  
  54  5:39  SCV x2  
  54  5:40  Supply Depot, Medivac, Siege Tank, Marine  
  60  5:49  Marine  
  60  5:51  SCV x2  
  60  5:55  Marine  
  63  6:02  Marine  
  63  6:03  SCV x2  
  64  6:06  Marine  
  65  6:13  Marine  
  65  6:15  SCV  
  66  6:18  Siege Tank  
  66  6:20  Marine  
  66  6:21  SCV  
  66  6:24  Marine  
  72  6:29  Combat Shields  
  72  6:30  Marine  
  73  6:32  Medivac  
  73  6:37  Marine  
  74  6:42  Marine  
  75  6:48  Marine  
  75  6:51  SCV, Siege Tank  
  80  6:55  Marine  
  80  6:58  Barracks  
  80  7:00  Supply Depot  
  80  7:01  Supply Depot, Barracks  
  81  7:02  Marine  
  81  7:05  Medivac  
  84  7:09  SCV  
  80  7:21  Marine x3  
  80  7:39  Marine x3  
  82  7:47  Barracks Reactor  
  82  7:49  Barracks  
  81  7:53  Command Center  
  81  7:56  Siege Tank, Marine x2  
  81  7:58  Terran Infantry Armor Level 1  
  85  8:07  Barracks Tech Lab  
  85  8:08  Medivac, Marauder  
  85  8:09  SCV  
  85  8:11  SCV  
  90  8:16  Supply Depot  
  90  8:17  Supply Depot  
  90  8:22  Marine  
  90  8:24  SCV  
  90  8:25  Marine x2  
  94  8:28  Supply Depot, Siege Tank  
  94  8:30  Supply Depot, SCV  
  98  8:39  Barracks Tech Lab, Marauder  
  98  8:40  Marauder  
  102  8:47  Marine x4  
  106  8:48  SCV  
  107  8:58  Marine  
  107  9:00  Marine  
  107  9:01  Marine  
  110  9:04  Marine  
  110  9:09  Marine x3  
  105  9:11  SCV  
  105  9:15  Marine  
  107  9:18  Siege Tank, Marine  
  107  9:19  SCV, Medivac, Marine  
  107  9:20  Missile Turret x2  
  114  9:26  SCV  
  114  9:28  Refinery  
  115  9:34  Marauder  
  115  9:36  Refinery, Marine x4  
  115  9:37  Marine x2  
  123  9:42  SCV  
  123  9:43  Refinery  
  122  9:54  Marine x5  
  122  9:55  Marine  
  128  10:03  SCV, Marine  
  130  10:12  Marine x3  
  130  10:13  Marine x2  
  130  10:14  Marine  
  127  10:23  SCV  
  127  10:25  Marine  
  129  10:30  Marine x3  
  129  10:31  Marine  
  129  10:32  Marine  
  129  10:33  Marine  
  130  10:39  Siege Tank  
  130  10:43  Marine  
  130  10:48  Marine  
  130  10:49  Marine  
  135  10:50  SCV, Orbital Command, Marine  
  135  10:52  Marine  
  135  10:53  SCV  
  139  10:58  Starport Reactor  
  139  11:01  Marine  
  138  11:05  Marine  
  138  11:10  SCV x2  
  141  11:12  Marine  
  141  11:13  Barracks Tech Lab, Marine x2  
  141  11:15  Medivac x2  
  148  11:18  Marine  
  148  11:24  Supply Depot  
  148  11:25  Supply Depot  
  149  11:27  Supply Depot  
  149  11:35  Engineering Bay  
  149  11:36  Concussive Shells  
  149  11:43  Supply Depot  
  149  11:46  SCV x3, Marauder, Marine x5  
  159  11:47  Medivac x2  
  159  11:49  Siege Tank  
  159  11:53  Supply Depot  
  166  11:58  SCV x3  
  166  11:59  Armory  
  169  12:04  Marine x3  
  172  12:10  SCV x2  
  174  12:17  Marine  
  174  12:18  Marine  
  174  12:19  Marine  
  174  12:20  Medivac x2  
  174  12:21  SCV  
  174  12:22  Marauder  
  184  12:37  Marine x3  
  184  12:38  Marauder  
  184  12:42  Supply Depot, Marine  
  184  12:43  SCV, Siege Tank, Marauder  
  196  12:45  SCV  
  196  12:48  Terran Infantry Weapons Level 2, Terran Infantry Armor Level 2  
  192  12:55  Marauder  
  186  13:04  Marine x4  
  172  13:30  Marine  
  172  13:31  Marine x5  
  150  13:48  Marine x3  
  150  13:49  Marauder, Marine x2  
  148  14:06  Marine x2  
  148  14:07  Marauder x2, Marine  
  147  14:11  Marauder  
  107  14:24  Marine x2  
  107  14:25  Marauder  
  107  14:28  Marauder, Marine  
  108  14:32  Marine  
  109  14:42  Marine x2  
  111  14:46  Marauder x2  
  111  14:49  Marine  
  101  15:26  Orbital Command  
  91  16:14  Marine  
  90  16:28  SCV  
Tags
 
Add a new tag
Caveats
  • Supply blocks, unpowered buildings, or Contaminate may cause inaccurate times.
  • Supply counts are checked every 10 seconds.